 Dungeon Crawl Stone Soup version 0.28-a0-1524-ge72afd5fc6 (webtiles) character file.

Game seed: 7464694844203468757

547 fragbeetle the Insei (level 7, -3/57 HPs)
             Began as a Grey Draconian Transmuter on Jan 17, 2022.
             Killed from afar by Dowan (18 damage)
             ... with a stone arrow
             ... on level 4 of the Dungeon.
             The game lasted 00:06:45 (4189 turns).

fragbeetle the Insei (Grey Draconian Transmuter)    Turns: 4189, Time: 00:06:46

Health: -3/57      AC:  2    Str: 12    XL:     7   Next: 7%
Magic:  6/10       EV: 20    Int: 14    God:
Gold:   100        SH:  0    Dex: 18    Spells: 2/10 levels left

rFire   . . .      SeeInvis .     - Unarmed
rCold   . . .      Faith    .   (shield currently unavailable)
rNeg    . . .      Spirit   .   (armour unavailable)
rPois   x          Reflect  .   (helmet currently unavailable)
rElec   .          Harm     .   (cloak currently unavailable)
rCorr   .          Rampage  .   (gloves currently unavailable)
Will    .....                   (boots currently unavailable)
Stlth   ++........              (no amulet)
HPRegen 0.19/turn               (no ring)
MPRegen 0.12/turn               (no ring)

@: spider-form
A: venomous fangs, AC +11, (amphibious), tiny, unfitting armour, (cold-blooded)
a: End Transformation


You were on level 4 of the Dungeon.
You were a venomous arachnid creature.
You visited 1 branch of the dungeon, and saw 5 of its levels.

You collected 100 gold pieces.

Inventory:

Hand Weapons
 j - a +0 hunting sling
Missiles
 c - 164 stones
 h - 29 sling bullets
 o - 6 poisoned darts
Armour
 n - a scarf of repulsion (melded)
 q - a +0 pair of gloves (melded)
 r - a +2 hat (melded)
Scrolls
 a - 2 scrolls of amnesia {unknown}
 d - 2 scrolls of identify {unknown}
 e - a scroll of fog {unknown}
 f - a scroll of silence {unknown}
 i - 5 scrolls of teleportation {unknown}
 m - a scroll of immolation {unknown}
 p - a scroll of vulnerability {unknown}
Potions
 b - a potion of lignification {unknown}
 k - 2 potions of curing {unknown}
 l - a potion of brilliance {unknown}


   Skills:
 + Level 3.2 Fighting
 + Level 3.1 Dodging
 * Level 5.0 Unarmed Combat
 - Level 2.0 Spellcasting
 * Level 4.3 Transmutations
 + Level 0.5 Ice Magic
 + Level 2.2 Poison Magic


You had 2 spell levels left.
You knew the following spells:

 Your Spells              Type           Power      Damage    Failure   Level
a - Beastly Appendage     Tmut           26%        N/A       13%         1
b - Spider Form           Tmut/Pois      10%        N/A       38%         3
c - Ice Form              Ice/Tmut       8%         N/A       83%         4

Your spell library contained the following spells:

 Spells                   Type           Power      Damage    Failure   Level
 Wereblood                Tmut           13%        N/A       17%         2
 Petrify                  Tmut/Erth      7%         N/A       85%         4
 Metabolic Englaciation   Hex/Ice        1%         N/A       100%        5
 Statue Form              Tmut/Erth      4%         N/A       100%        6


Dungeon Overview and Level Annotations

Branches:
Dungeon (5/15)
 Temple: D:4-7

Altars:

Annotations:
D:4 Dowan


Innate Abilities, Weirdness & Mutations

You are a venomous arachnid creature.
You have poisonous fangs.
You are tiny and dextrous.
Your spellcasting is less reliable in this form.
Your armour is entirely melded.
You are incapable of wielding weapons or throwing items.
((Your dull iron-grey scales are very hard. (AC +11)))
((You are amphibious.))
You cannot fit into any form of body armour.
((You are cold-blooded and may be slowed by cold attacks.))


Message History

There is a stone staircase leading down here.
Dowan mumbles some strange words.
Dowan blinks!
Duvessa barely misses you.
You hit Duvessa.
Duvessa looks as sick as possible!
Duvessa is almost dead.
Duvessa barely misses you.
You hit Duvessa but do no damage.
Duvessa is almost dead.
Your transformation has ended.
Your scarf of repulsion unmelds from your body.
Your +2 hat unmelds from your body.
Your +0 pair of gloves unmelds from your body.
You are surrounded by a repulsion field.
You kill Duvessa!
Dowan screams, "No!
No!"
Dowan seems to find hidden reserves of power!
Your Unarmed Combat skill increases to level 5!
You have reached level 7!
Your scales start taking on a dull iron-grey colour.
You learn Air Magic much slower.
You learn Earth Magic much quicker.
Dowan mumbles some strange words.
Dowan blinks!
Casting: Spider Form (dangerous; 19% risk of failure)
Confirm with . or Enter, or press ? or * to list all spells.
You turn into a venomous arachnid creature.
Your scarf of repulsion melds into your body.
Your +2 hat melds into your body.
Your +0 pair of gloves melds into your body.
The haze of the repulsion field disappears.
You hit Dowan but do no damage.
Dowan is poisoned.
Dowan closely misses you. Dowan hits you with a +0 dagger.
* * * LOW HITPOINT WARNING * * *
You hit Dowan.
Dowan looks as sick as possible!
Dowan is moderately wounded.
Dowan casts a spell.
Dowan blinks!
Dowan casts a spell at you. The stone arrow hits you!!
You die...

##....#.#...#...#.##......# #.#
#..###.###.###.#.......### #.#
#..#.....#..............# #.#
#..#######..#.e##.......# #.#
#..≈≈≈≈≈≈≈..#).##.......# #.#
#..#######...e.##.......####.##
#..#.....#..#.###.e...........#
#..###.###..#.###........###..#
#....#.#.......s.........#....#
####.#.#.#.#############.#.##.#
#...†.#.#..)#########.#.##.#
#######............##......#
###....#####.####.####
##.#.##.........#
#......##.###### ###.#####.#
#.#####.#


You could see Dowan (fast, extremely poisoned).

Vanquished Creatures
  Duvessa (D:4)
  A black bear (D:4)
  A phantom (D:4)
  A scorpion (D:4)
  An orc priest (D:4)
  An orc wizard (D:4)
  6 adders
  A worm (D:2)
  2 dart slugs
  7 orcs
  8 endoplasms
  2 giant cockroaches
  8 goblins
  6 hobgoblins
  4 jackals (D:1)
  10 kobolds
  4 quokkas (D:1)
  11 ball pythons
  6 bats
  4 frilled lizards
  4 rats
89 creatures vanquished.

Notes
Turn   | Place    | Note
-------+----------+-------------------------------------------
     0 | D:1      | fragbeetle the Draconian Transmuter began the quest for the
                  | Orb.
     0 | D:1      | Reached XP level 1. HP: 16/16 MP: 3/3
   179 | D:1      | Reached XP level 2. HP: 21/23 MP: 3/5
   706 | D:1      | Reached XP level 3. HP: 26/29 MP: 4/6
   730 | D:1      | Learned a level 3 spell: Spider Form
  1974 | D:2      | Reached XP level 4. HP: 36/36 MP: 5/7
  2650 | D:3      | Found a faded altar of an unknown god.
  2929 | D:4      | Reached skill level 1 in Poison Magic
  2947 | D:4      | Reached skill level 4 in Unarmed Combat
  2947 | D:4      | Reached XP level 5. HP: 28/41 MP: 6/8
  3079 | D:4      | Noticed a phantom
  3114 | D:4      | Killed a phantom
  3412 | D:4      | Reached XP level 6. HP: 48/50 MP: 7/9
  4064 | D:5      | Entered Level 5 of the Dungeon
  4074 | D:4      | Learned a level 4 spell: Ice Form
  4151 | D:5      | Noticed Dowan
  4152 | D:5      | Noticed Duvessa
  4178 | D:4      | Killed Duvessa
  4179 | D:4      | Reached skill level 5 in Unarmed Combat
  4179 | D:4      | Your scales start taking on a dull iron-grey colour.
  4179 | D:4      | Reached XP level 7. HP: 15/57 MP: 7/10
  4189 | D:4      | Killed from afar by Dowan

Illustrated notes

Levels and vault maps discovered:
D:1:      dpeg_arrival_orchard, layout_basic, minmay_pentomino_p2
D:2:      layout_basic
D:3:      layout_loops_ring, dreamdust_ecumenical_altar_angels_and_demons
D:4:      layout_loops_cross, grunt_decor_cap
D:5:      layout_cave_pools, yredelemnul_altar_generic,
          kennysheep_okawaru_gauntlet, corexii_leaking_fountain, uniq_duvessa,
          uniq_crazy_yiuf_cottage

Skill      XL: |  1  2  3  4  5  6 |
---------------+-------------------+-----
Dodging        | 2 3 |  3.1
Fighting       | 2 3 |  3.2
Transmutations | 3 4 |  4.3
Poison Magic   | 1 2 |  2.2
Unarmed Combat | 4 5 |  5.0
Spellcasting   | |  2.0
Ice Magic      | |  0.5

Action                   |  1- 3 |  4- 6 |  7- 9 || total
-------------------------+-------+-------+-------++-------
Melee: Unarmed           |   123 |   131 |     2 ||   256
       Kick              |    28 |    20 |       ||    48
       Tailslap          |     9 |    12 |       ||    21
       Headbutt          |    11 |    19 |       ||    30
       Punch             |     2 |     4 |       ||     6
 Cast: Beastly Appendage |    31 |    23 |       ||    54
       Spider Form       |       |     3 |     1 ||     4
 Abil: End Transformatio |       |     1 |       ||     1
 Stab: Sleeping          |     2 |     2 |       ||     4
Armor: Skin              |    32 |    36 |       ||    68
Dodge: Dodged            |    77 |    74 |     1 ||   152

Table legend: (Time is in decaauts)
 A = Elapsed time spent in this place.
 B = Non-inter-level travel time spent in this place.
 C = Inter-level travel time spent in this place.
 D = Time resting spent in this place.
 E = Time spent auto-exploring this place.
 F = Levels seen in this place.
 G = Mean time per level.
                   A        B        C        D        E       F      G
               +--------+--------+--------+--------+--------+-----+--------+
         Total |   4174 |   4121 |     53 |    491 |   2842 |   5 |  834.8 |
       Dungeon |   4174 |   4121 |     53 |    491 |   2842 |   5 |  834.8 |
               +--------+--------+--------+--------+--------+-----+--------+

Top non-repeatable levels by time:
     D:2: 1227 daAuts
     D:4: 1205 daAuts
     D:1: 923 daAuts
     D:3: 720 daAuts
     D:5: 98 daAuts
